 Dungeon Crawl Stone Soup version 0.26.1-2-gb8aa6d0cf2 (webtiles) character file.

Game seed: 16389476971410999894

564 H0rd4k the Covered (level 7, -1/51 HPs)
             Began as a Human Artificer on Feb 12, 2021.
             Slain by an ice beast (17 damage)
             ... on level 5 of the Dungeon.
             The game lasted 00:06:48 (6698 turns).

H0rd4k the Covered (Human Artificer)                Turns: 6698, Time: 00:06:49

Health: -1/51      AC: 16    Str: 13    XL:     7   Next: 58%
Magic:  7/7        EV:  7    Int: 12    God:
Gold:   245        SH:  0    Dex: 14    Spells: 6/6 levels left

rFire    + . .     SeeInvis .   f - +0 dagger
rCold    . . .     Faith    .   (no shield)
rNeg     . . .     Spirit   .   k - +0 chain mail {rF+}
rPois    .         Reflect  .   o - +2 helmet
rElec    .         Harm     .   p - +2 cloak
rCorr    .         Rampage  .   (no gloves)
Will     .....                  (no boots)
Stlth    ..........             (no amulet)
HPRegen  0.17/turn              (no ring)
MPRegen  0.10/turn              (no ring)

@: no status effects
A: no striking features
a: no special abilities


You were on level 5 of the Dungeon.
You visited 1 branch of the dungeon, and saw 5 of its levels.

You collected 245 gold pieces.

Inventory:

Hand Weapons
 f - a +0 dagger (weapon)
Armour
 b - a +0 leather armour
 k - a +0 chain mail of fire resistance (worn)
 o - a +2 helmet (worn)
 p - a +2 cloak (worn)
Magical Staves
 v - an uncursed staff of earth
Wands
 d - a wand of enslavement (5)
 e - a wand of random effects (15)
 s - a wand of polymorph (10)
Scrolls
 a - a scroll of fog {unknown}
 g - 5 scrolls of remove curse {unknown}
 i - 2 scrolls of fear {unknown}
 m - a scroll of immolation {unknown}
 n - 4 scrolls of magic mapping {unknown}
 q - 9 scrolls of identify {unknown}
 u - 4 scrolls of enchant armour {unknown}
 y - a scroll of enchant weapon {unknown}
Potions
 h - a potion of heal wounds {unknown}
 j - a potion of mutation {unknown}
 l - 5 potions of might {unknown}
 r - a potion of haste {unknown}
 t - a potion of invisibility {unknown}
 w - a potion of berserk rage {unknown}
 x - a potion of ambrosia {unknown}
 z - a potion of curing {unknown}
 A - a potion of brilliance {unknown}


   Skills:
 + Level 2.6 Fighting
 + Level 3.6 Short Blades
 + Level 4.6 Armour
 + Level 2.4 Dodging
 + Level 1.3 Stealth
 + Level 4.3 Evocations


You had 6 spell levels left.
You didn't know any spells.
Your spell library contained the following spells:

 Spells                   Type           Power        Failure   Level
 Beastly Appendage        Tmut           0%           100%        1
 Freeze                   Ice            0%           100%        1
 Wereblood                Tmut           0%           100%        2
 Frozen Ramparts          Ice            0%           100%        3
 Ozocubu's Armour         Ice            0%           100%        3
 Spider Form              Tmut/Pois      0%           100%        3
 Hailstorm                Conj/Ice       0%           100%        4
 Ice Form                 Ice/Tmut       0%           100%        4
 Summon Ice Beast         Ice/Summ       0%           100%        4
 Blade Hands              Tmut           0%           100%        5


Dungeon Overview and Level Annotations

Branches:
Dungeon (5/15)
 Temple: D:4-7

Altars:
Cheibriados
Dithmenos
Makhleb
Nemelex Xobeh
Qazlal
Uskayaw
The Shining One

Shops:
D:4 }

Annotations:
D:3 exclusions: downstairs and phantom


Message History

The ice beast hits you but does no damage.
You completely miss the ice beast.
The ice beast is moderately wounded.
You hit the ice beast but do no damage.
The ice beast is moderately wounded.
The ice beast hits you but does no damage.
You hit the ice beast but do no damage.
The ice beast is moderately wounded.
The ice beast hits you but does no damage.
The ice beast hits you. The ice beast freezes you!
The ice beast is no longer moving quickly.
The ice beast hits you. The ice beast freezes you.
You hit the ice beast but do no damage.
The ice beast is moderately wounded.
The ice beast seems less confused.
The ice beast hits you but does no damage.
You hit the ice beast but do no damage.
The ice beast is moderately wounded.
The ice beast hits you. The ice beast freezes you!
You die...

## #< #. #.
#########################.
#........Y............รท...
..(......@..##############
............# ............#
.........########
..#####.........#
#.........# #.........#
........ #.........#
........ #.........#


You could see an ice beast.

Vanquished Creatures
  A centaur (D:5)
  A scorpion (D:5)
  A bullfrog zombie (D:5)
  A hound (D:5)
  2 orc priests
  Natasha (thrice) (D:2)
  A worker ant (D:5)
  An orc wizard (D:3)
  5 adders
  2 ufetubi (D:5)
  2 oozes
  An adder zombie (D:5)
  4 dart slugs
  3 leopard geckos
  4 orcs
  A ball python (D:2)
  3 bats
  3 giant cockroaches
  3 hobgoblins (D:2)
  4 jackals (D:2)
  2 quokkas
  5 frilled lizards
  2 goblins
  5 kobolds
  A leopard gecko zombie (D:5)
  3 rats
64 creatures vanquished.

Vanquished Creatures (collateral kills)
  An ogre (D:5)
  An adder (D:5)
2 creatures vanquished.

Vanquished Creatures (others)
  A scorpion (D:5)
  A hound (D:1)
  A worker ant zombie (D:5)
  15 plants (D:2)
18 creatures vanquished.

Grand Total: 84 creatures vanquished

Notes
Turn   | Place    | Note
-------+----------+-------------------------------------------
     0 | D:1      | H0rd4k the Human Artificer began the quest for the Orb.
     0 | D:1      | Reached XP level 1. HP: 15/15 MP: 1/1
   235 | D:1      | Reached XP level 2. HP: 15/21 MP: 2/2
   950 | D:1      | Reached XP level 3. HP: 26/26 MP: 3/3
  1155 | D:2      | Found a snail-covered altar of Cheibriados.
  1437 | D:2      | Found a burning altar of Makhleb.
  1476 | D:2      | Found a burning altar of Makhleb.
  2093 | D:2      | Noticed Natasha
  2110 | D:2      | Reached XP level 4. HP: 32/32 MP: 4/4
  2139 | D:2      | Killed Natasha
  2140 | D:2      | Reached skill level 1 in Short Blades
  2671 | D:2      | Noticed Natasha
  2678 | D:2      | Killed Natasha
  2679 | D:2      | Reached XP level 5. HP: 37/37 MP: 5/5
  2745 | D:2      | Noticed Natasha
  2748 | D:2      | Killed Natasha
  2769 | D:2      | Found a hide-covered altar of Uskayaw.
  3113 | D:3      | Found a faded altar of an unknown god.
  3579 | D:3      | Found a sparkling altar of Nemelex Xobeh.
  3849 | D:3      | Found a shadowy altar of Dithmenos.
  3849 | D:3      | Found a glowing golden altar of the Shining One.
  4149 | D:4      | Reached XP level 6. HP: 38/44 MP: 6/6
  4279 | D:4      | Noticed a phantom
  4459 | D:4      | Found a stormy altar of Qazlal.
  4837 | D:4      | Found Uzionocs's Gadget Shop.
  5093 | D:5      | Entered Level 5 of the Dungeon
  5660 | D:5      | Reached XP level 7. HP: 41/51 MP: 7/7
  6698 | D:5      | Slain by an ice beast

Illustrated notes

Levels and vault maps discovered:
D:1:      dpeg_arrival_chambers_temple_mockup, layout_basic,
          hangedman_decor_peaks_small
D:2:      layout_basic, nicolae_overflow_hidden_temple, lightli_temple_of_fire,
          general_overflow_altar, serial_bayou, serial_bayou_ford_a,
          serial_bayou_crossing, serial_bayou_lake_a, serial_bayou_pond_b,
          makhleb_heckhound_becter, uniq_natasha
D:3:      layout_loops_corners, gammafunk_temple_overflow_wave, serial_forest,
          infiniplex_forest_straight_1, infiniplex_forest_clump_cross,
          infiniplex_forest_lined_corner, infiniplex_forest_clump_medium,
          infiniplex_forest_lined_2, infiniplex_forest_corner_2,
          chequers_ecumenical_altar_island, nemelex_dance_club_becter
D:4:      layout_basic, grunt_qazlal_sundering, serial_shops, shop
D:5:      layout_basic

Skill      XL: |  1  2  3  4  5  6 |
---------------+-------------------+-----
Short Blades   | 1 2 3 |  3.6
Armour         | 3 4 |  4.6
Fighting       | 2 |  2.6
Dodging        | 2 |  2.4
Evocations     | 4 |  4.3
Stealth        | |  1.3

Action                   |  1- 3 |  4- 6 |  7- 9 || total
-------------------------+-------+-------+-------++-------
Melee: Club              |    16 |       |       ||    16
       Dagger            |   156 |   228 |   239 ||   623
Evoke: Wand              |     3 |    22 |    11 ||    36
 Stab: Sleeping          |     1 |       |       ||     1
Armor: Leather armour    |    27 |       |       ||    27
       Chain mail        |    54 |   161 |   132 ||   347
Dodge: Dodged            |    92 |    58 |    61 ||   211
